 Dungeon Crawl Stone Soup version 0.25.1-2-g60ff931df9 (webtiles) character file.

Game seed: 1851155076967007318

63 Delamore the Cudgeler (level 4, -3/28 HPs)
             Began as a Gargoyle Fighter on Aug 12, 2020.
             Killed by divine providence
             ... invoked by an orc priest
              (16 damage)
             ... on level 3 of the Dungeon.
             The game lasted 00:01:46 (2035 turns).

Delamore the Cudgeler (Gargoyle Fighter)            Turns: 2035, Time: 00:01:46

Health: -3/28      AC: 15    Str: 21    XL:     4   Next: 10%
Magic:  4/4        EV:  5    Int:  8    God:
Gold:   70         SH:  9    Dex:  9    Spells: 3/3 levels left

rFire    . . .     SeeInvis .   a - +0 flail
rCold    . . .     Gourm    .   c - +0 kite shield
rNeg     + . .     Faith    .   m - +0 chain mail
rPois    ∞         Spirit   .   g - +2 hat
rElec    +         Reflect  .   (no cloak)
rCorr    .         Harm     .   s - +0 pair of gloves
MR       .....                  (no boots)
Stlth    ..........             (no amulet)
HPRegen  0.09/turn              (no ring)
MPRegen  0.09/turn              (no ring)

@: no status effects
A: negative energy resistance 1, electricity resistance, unbreathing,
petrification resistance, rot immunity, AC +3
a: no special abilities


You were on level 3 of the Dungeon.
You were not hungry.

You visited 1 branch of the dungeon, and saw 3 of its levels.

You collected 70 gold pieces.

Inventory:

Hand Weapons
 a - a +0 flail (weapon)
Armour
 b - a +0 scale mail
 c - a +0 kite shield (worn)
 g - a +2 hat (worn)
 m - a +0 chain mail (worn)
 s - a +0 pair of gloves (worn)
Wands
 k - a wand of flame (9)
 n - a wand of paralysis (11)
Scrolls
 j - 2 scrolls of teleportation {unknown}
 o - a scroll of enchant armour {unknown}
 p - a scroll of enchant weapon {unknown}
 q - a scroll of identify {unknown}
 r - a scroll of blinking {unknown}
 v - a scroll of immolation {unknown}
Potions
 d - 2 potions of might
 e - 2 potions of flight {unknown}
 h - 2 potions of heal wounds {unknown}
 i - 2 potions of curing {unknown}
 l - a potion of brilliance {unknown}
 t - a potion of mutation {unknown}
Comestibles
 f - 5 rations
 u - 6 chunks of flesh


   Skills:
 - Level 3.2 Fighting
 + Level 4.2 Maces & Flails
 - Level 3.2 Armour
 - Level 3.2 Shields


You had 3 spell levels left.
You didn't know any spells.
Your spell library was empty.

Dungeon Overview and Level Annotations

Branches:
Dungeon (3/15)

Altars:
Ru
Sif Muna
Trog


Innate Abilities, Weirdness & Mutations

You are resistant to torment.
Your stone body is resilient. (AC +3)
You are immune to poison.
You resist negative energy. (rN+)
You are resistant to electric shocks. (rElec)
You can survive without breathing.
You are immune to petrification.
You are immune to rotting.


Message History

You block the orc wizard's attack.
You are too injured to fight recklessly!
You are too injured to fight recklessly!
You are too injured to fight recklessly!
You are too injured to fight recklessly!
You are too injured to fight recklessly!
You are too injured to fight recklessly!
You are too injured to fight recklessly!
You are too injured to fight recklessly!
You are too injured to fight recklessly!
You are too injured to fight recklessly!
You are too injured to fight recklessly!
You are too injured to fight recklessly!
You are too injured to fight recklessly!
You are too injured to fight recklessly!
You are too injured to fight recklessly!
The orc priest calls down the wrath of Beogh upon you.
Beogh smites you!
Ouch! That really hurt!
You die...

### #.# ###### ..#
#.# #o# #.# #.#
#o# #o# #o# #o#
#@# #.# #.#
#.################
#.................
##################


You could see an orc priest, an orc wizard and 3 orcs.

Vanquished Creatures
  A gnoll (D:1)
  An adder (D:3)
  A dart slug (D:1)
  A leopard gecko (D:1)
  2 orcs (D:3)
  2 giant cockroaches
  4 goblins
  A hobgoblin (D:3)
  5 jackals
  3 bats
  5 frilled lizards
  A jackal skeleton (D:3)
  5 kobolds
  6 rats
38 creatures vanquished.

Notes
Turn   | Place    | Note
-------+----------+-------------------------------------------
     0 | D:1      | Delamore the Gargoyle Fighter began the quest for the Orb.
     0 | D:1      | Reached XP level 1. HP: 14/14 MP: 1/1
   143 | D:1      | Reached skill level 3 in Maces & Flails
   143 | D:1      | Reached XP level 2. HP: 19/19 MP: 2/2
   259 | D:1      | Reached XP level 3. HP: 23/23 MP: 3/3
   731 | D:2      | Found a sacrificial altar of Ru.
  1151 | D:2      | Found a bloodstained altar of Trog.
  1434 | D:2      | Found a shimmering blue altar of Sif Muna.
  1691 | D:3      | Reached skill level 4 in Maces & Flails
  1889 | D:3      | Reached XP level 4. HP: 28/28 MP: 4/4
  2035 | D:3      | Killed from afar by an orc priest

Illustrated notes

Levels and vault maps discovered:
D:1:      grunt_arrival_crossed_arrows, layout_loops_ring
D:2:      layout_loops_ring, led_sif_pool, lemuel_coloured_pillars_altar,
          nicolae_ru_the_path_less_chosen, minivault_27
D:3:      layout_basic, okawaru_altar_gauntlet_db, overflow_temple_1_default

Skill      XL: |  1  2  3 |
---------------+----------+-----
Maces & Flails | 3 4 |  4.2
Fighting       | |  3.2
Armour         | |  3.2
Shields        | |  3.2

Action                   |  1- 3 |  4- 6 || total
-------------------------+-------+-------++-------
Melee: Flail             |   216 |    13 ||   229
  Use: Scroll            |     4 |       ||     4
  Eat: Chunk             |     4 |       ||     4
Armor: Scale mail        |    48 |       ||    48
       Chain mail        |    97 |     5 ||   102
Dodge: Dodged            |    64 |     1 ||    65
Block: Kite shield       |   136 |     9 ||   145
